 Dungeon Crawl Stone Soup version 0.29.0-15-g675c0067aa (webtiles) character file.

Game seed: 11317502700992706392

7 qw the Sneak (level 2, -2/19 HPs)
             Began as a Gargoyle Delver on Sept 11, 2022.
             Slain by a hound (3 damage)
             ... on level 4 of the Dungeon.
             The game lasted 00:00:07 (145 turns).

qw the Sneak (Gargoyle Delver)                       Turns: 145, Time: 00:00:07

Health: -2/19      AC:  5    Str: 15    XL:     2   Next: 4%
Magic:  2/2        EV: 11    Int: 10    God:
Gold:   0          SH:  0    Dex: 11    Spells: 1/1 levels left

rFire   . . .      SeeInvis .   a - +0 hand axe
rCold   . . .      Faith    .   (no shield)
rNeg    + . .      Spirit   .   b - +0 leather armour
rPois   inf        Reflect  .   (no helmet)
rElec   +          Harm     .   (no cloak)
rCorr   .          Rampage  .   (no gloves)
Will    .....                   (no boots)
Stlth   +++.......              (no amulet)
HPRegen 0.06/turn               (no ring)
MPRegen 0.08/turn               (no ring)

@: no status effects
A: sickness immunity, AC +2, negative energy resistance 1, electricity
resistance, torment resistance 1, petrification resistance
a: no special abilities


You were on level 4 of the Dungeon.
You visited 1 branch of the dungeon, and saw 2 of its levels.


Innate Abilities, Weirdness & Mutations

You are immune to sickness and miasma.
Your stone body is resilient. (AC +2)
You are immune to poison.
You resist negative energy. (rN+)
You are resistant to electric shocks. (rElec)
You are resistant to unholy torment.
You are immune to petrification.


   Skills:
 - Level 3.2 Fighting
 + Level 2.4 Axes
 - Level 1.5 Dodging
 - Level 5.4 Stealth


You had one spell level left.
You didn't know any spells.
Your spell library was empty.

Inventory:

Hand Weapons
 a - a +0 hand axe (weapon)
 c - a +0 club
Armour
 b - a +0 leather armour (worn)
Wands
 g - a wand of digging (3)
Potions
 f - a potion of haste

Dungeon Overview and Level Annotations

Branches:
Dungeon (5/15)
 Temple: D:4-7

Altars:


Message History

A hobgoblin is nearby!
You start resting.
A hobgoblin is nearby!
The hobgoblin shouts!
You hit the hobgoblin.
You kill the hobgoblin!
You start resting.
A goblin comes into view. It is wielding a +0 club.
The goblin shouts!
You hear a shout!
You miss the goblin. The goblin hits you but does no damage.
You hit the goblin.
You kill the goblin!
You have reached level 2!
You start resting.
HP restored.
c - a +0 club You see here a goblin corpse.
There is a stone staircase leading down here.
Found a short sword and a stone.
You see here a +0 short sword.
You see here a stone.
Found a stone staircase leading down.
A ball python and an ogre come into view.
Found 12 gold pieces.
The ogre shouts!
You hear a bark!
A hound comes into view.
You hit the hound.
The hound is lightly wounded.
The hound bites you but does no damage. The hound bites you.
You hit the hound.
The hound is lightly wounded.
You barely miss the ogre.
The ogre hits you with a +0 giant spiked club!
The hound bites you.
You hit the hound.
The hound is lightly wounded.
You hit the ogre. The hound bites you. x2
You die...

### ##########
....
.......$.##.S$.
.............
......O...#
......h@..#
.....>....##
#!..####...##
..# #..#..# #
#...###.###
#.## #..(# ...
###)## # $...
#..###.### $.
... ###........


You could see an ogre, a hound and a ball python (asleep).

Vanquished Creatures
  4 goblins (D:4)
  A hobgoblin (D:4)
  A quokka (D:4)
6 creatures vanquished.

Notes
Turn   | Place    | Note
-------+----------+-------------------------------------------
     0 | D:5      | qw the Gargoyle Delver began the quest for the Orb.
     0 | D:5      | Reached XP level 1. HP: 14/14 MP: 1/1
     0 | D:5      | 0 ||| qw: Version: 0.1-a-118-gb4e7ce6
     0 | D:5      | 0 ||| qw: Game counter: 10339
     0 | D:5      | 0 ||| qw: Always use a shield: true
     0 | D:5      | 0 ||| qw: God list: Okawaru
     0 | D:5      | 0 ||| qw: Allow faded altars: false
     0 | D:5      | 0 ||| qw: Do Orc after D:15 true
     0 | D:5      | 0 ||| qw: Do second Lair branch before Depths: true
     0 | D:5      | 0 ||| qw: Lair rune preference: random
     0 | D:5      | 0 ||| qw: Plans: Normal
     0 | D:5      | 0 ||| PLANNING D:1-11
     0 | D:5      | 0 ||| DROPPING scroll of fog.
     1 | D:5      | 1 ||| DROPPING scroll of magic mapping.
     2 | D:5      | 2 ||| DROPPING scroll of fear.
   118 | D:4      | Reached XP level 2. HP: 18/19 MP: 2/2
   138 | D:4      | Noticed an ogre
   145 | D:4      | HP: 1/19 [hound (5)]
   145 | D:4      | Slain by a hound

Levels and vault maps discovered:
D:4:      layout_rooms, nicolae_uskayaw_suspiria, mainiacjoe_overflow_24_doors,
          mainiacjoe_overflow_surrounded_room, serial_shops, shop_coins,
          chequers_garden, minmay_shop_damaged, uniq_robin
D:5:      layout_cave_pools, serial_shops, nicolae_shop_crystal,
          grunt_decor_resistance, uniq_eustachio

Skill      XL: |  1 |
---------------+----+-----
Axes           | 2 |  2.4
Fighting       | |  3.2
Dodging        | |  1.5
Stealth        | |  5.4

Action                   || total
-------------------------++-------
Melee: Hand axe          ||    20
Armor: Leather armour    ||     8
Dodge: Dodged            ||     7

Table legend:
 A = Non-vault XP
 B = Vault XP
 C = Vault XP percentage of total XP
 D = Non-vault monster count
 E = Vault monster count
 F = Vault count percentage of total count
                 A         B        C        D         E       F
            +---------+---------+-------+---------+---------+-------
      Total |       4 |       7 |  63.6 |       2 |       4 |  66.7
            +---------+---------+-------+---------+---------+-------
        D:4 |       4 |       7 |  63.6 |       2 |       4 |  66.7
            +---------+---------+-------+---------+---------+-------
